 Dungeon Crawl Stone Soup version 0.30.1-9-gdf580d7c3d (webtiles) character file.

Game seed: 7483270132496378939

110 lonewolfV2 the Trooper (level 4, -2/35 HPs)
             Began as a Demonspawn Berserker on Oct 25, 2023.
             Was a Follower of Trog.
             Killed by divine providence
             ... invoked by an orc priest
              (12 damage)
             ... on level 5 of the Dungeon.
             The game lasted 00:03:52 (2640 turns).

lonewolfV2 the Trooper (Demonspawn Berserker)       Turns: 2640, Time: 00:03:53

Health: -2/35      AC:  6    Str: 19    XL:     4   Next: 61%
Magic:  4/4        EV: 11    Int:  8    God:    Trog [*.....]
Gold:   208        SH:  0    Dex: 13    Spells: 3/3 levels left

rFire   . . .        a - +0 hand axe
rCold   . . .        (no shield)
rNeg    . . .        k - +0 ring mail
rPois   .            p - +0 helmet
rElec   .            (no cloak)
rCorr   .            (no gloves)
SInv    .            (no boots)
Will    .....        c - amulet of the acrobat
Stlth   +            (no ring)
HPRegen 0.25/turn    (no ring)
MPRegen 0.09/turn

%: acrobat
@: no status effects
A: ignite blood 1
a: Renounce Religion, Berserk


You were on level 5 of the Dungeon.
You worshipped Trog.
Trog was aware of your devotion.
You visited 1 branch of the dungeon, and saw 5 of its levels.

You collected 208 gold pieces.

Inventory:

Hand Weapons
 a - a +0 hand axe (weapon)
Armour
 b - a +0 animal skin
 k - a +0 ring mail (worn)
 p - a +0 helmet (worn)
Jewellery
 c - an amulet of the acrobat (around neck)
 g - an amulet of faith
Scrolls
 d - a scroll of teleportation {unknown}
 f - 5 scrolls of identify
 i - a scroll of enchant armour {unknown}
 l - a scroll of noise {unknown}
 n - a scroll of blinking {unknown}
Potions
 e - 3 potions of attraction
 h - a potion of might {unknown}
 j - 2 potions of curing {unknown}
 m - a potion of mutation {unknown}
 o - a potion of magic {unknown}
 q - a potion of ambrosia {unknown}


   Skills:
 + Level 3.5 Fighting
 - Level 2.6 Axes
 * Level 3.1 Armour
 * Level 3.1 Dodging


You had 3 spell levels left.
You didn't know any spells.
Your spell library was empty.

Dungeon Overview and Level Annotations

Branches:
Dungeon (6/15)
 Temple: D:4-7

Altars:
Ru

Shops:
D:1 :


Innate Abilities, Weirdness & Mutations

Your demonic aura sometimes causes spilled blood to erupt in flames.


Message History

You kill the adder!
Trog accepts your kill.
You feel sick.
You feel sick.
You are no longer poisoned.
There is a stone staircase leading up here.
You climb upwards.
The orc priest shouts! x2
Found an escape hatch in the floor.
There is a stone staircase leading down here.
An orc wizard comes into view. It is wielding a +0 dagger.
The orc wizard shouts!
There is a stone staircase leading down here.
You closely miss the orc priest.
The orc priest hits you with a +0 hand axe.
You hit the orc priest.
The orc priest is lightly wounded.
The orc priest hits you with a +0 hand axe.
You hit the orc priest.
The orc priest is heavily wounded.
The orc wizard gestures wildly while chanting.
The orc wizard flickers and vanishes!
Deactivating autopickup; reactivate with Ctrl-A.
The orc priest calls down the wrath of Beogh upon you.
Beogh smites you!
* * * LOW HITPOINT WARNING * * *
The orc priest is engulfed in blazing flames.
You kill the orc priest!
Trog accepts your kill.
Your Armour skill increases to level 3!
Your Dodging skill increases to level 3!
The orc priest looks encouraged for a moment.
Things that are here:
a +0 hand axe; an orc corpse The orc priest attacks as you move away!
The orc priest completely misses you.
There is a stone staircase leading down here.
The orc priest calls down the wrath of Beogh upon you.
Beogh smites you!
You die...

#... ....#
.....#
......
......#
.......
......o#####
#°@..#
#....#..#
#....####..#
..## #..#
#..# #>.#
#..# #..#


You could see an orc priest.

Vanquished Creatures
  An orc priest (D:5)
  An adder (D:6)
  A dart slug (D:2)
  An orc (D:6)
  10 bats
  7 endoplasms
  4 giant cockroaches (D:1)
  5 goblins (D:1)
  6 hobgoblins
  7 jackals
  3 kobolds
  A quokka (D:2)
  5 ball pythons
  2 frilled lizards
  5 rats
59 creatures vanquished.

Notes
Turn   | Place    | Note
-------+----------+-------------------------------------------
     0 | D:1      | lonewolfV2 the Demonspawn Berserker began the quest for the
                  | Orb.
     0 | D:1      | Reached XP level 1. HP: 18/18 MP: 1/1
    84 | D:1      | Found Jiti's Book Shoppe.
   464 | D:1      | Gained mutation: Your demonic aura sometimes causes spilled
                  | blood to erupt in flames. [demonic ancestry]
   464 | D:1      | Reached XP level 2. HP: 24/24 MP: 2/2
   844 | D:1      | Reached ** piety under Trog
   892 | D:1      | Reached XP level 3. HP: 24/29 MP: 3/3
  2247 | D:3      | Found a sacrificial altar of Ru.
  2441 | D:3      | Reached XP level 4. HP: 35/35 MP: 4/4
  2583 | D:3      | You fall into a shaft and drop 3 floors!
  2628 | D:5      | Entered Level 5 of the Dungeon
  2640 | D:5      | Killed from afar by an orc priest

Illustrated notes

Levels and vault maps discovered:
D:1:      dpeg_arrival_simpleton_b, layout_basic, serial_shops, shop,
          serial_aquarium, aquarium_bridge_square [aquarium_subvault_bridge,
          aquarium_subvault_wall, aquarium_subvault_balcony,
          aquarium_subvault_wall], aquarium_window_corner, aquarium_window_fake,
          aquarium_view_2b, aquarium_balcony_5a, aquarium_pool_four,
          interstate_on_off
D:2:      layout_basic, minivault_5
D:3:      layout_loops_cross, nicolae_ru_path_of_blood
D:5:      layout_cave_pods
D:6:      layout_cave_pools, uniq_grinder

Skill      XL: |  1  2  3  4 |
---------------+-------------+-----
Armour         | 2 3 |  3.1
Dodging        | 2 3 |  3.1
Fighting       | |  3.5
Axes           | |  2.6

Action                     |  1- 3 |  4- 6 || total
---------------------------+-------+-------++-------
  Melee: Hand axe          |   157 |     9 ||   166
         Punch             |     2 |       ||     2
    Use: Scroll            |     3 |       ||     3
 Armour: Animal skin       |    53 |       ||    53
         Ring mail         |    23 |     3 ||    26
  Dodge: Dodged            |   160 |     6 ||   166
